 Dungeon Crawl Stone Soup version 0.27.1-3-gb3d3a73c9e (webtiles) character file.

Game seed: 14415267723880259586

196 MisterFreud the Skirmisher (level 5, -3/52 HPs)
             Began as a Minotaur Abyssal Knight on Oct 28, 2021.
             Was a Believer of Lugonu.
             Killed by nerve-wracking pain
             ... invoked by an orc priest
              (10 damage)
             ... on level 4 of the Dungeon.
             The game lasted 00:03:49 (2989 turns).

MisterFreud the Skirmisher (MiAK)                   Turns: 2989, Time: 00:03:49

Health: -3/52      AC:  5    Str: 17    XL:     5   Next: 46%
Magic:  5/5        EV: 10    Int:  9    God:    Lugonu [**....]
Gold:   140        SH:  0    Dex: 10    Spells: 4/4 levels left

rFire    . . .     SeeInvis .   a - +1 falchion
rCold    . . .     Faith    .   (no shield)
rNeg     . . .     Spirit   .   c - +0 ring mail
rPois    .         Reflect  .   (helmet restricted)
rElec    .         Harm     .   (no cloak)
rCorr    .         Rampage  .   (no gloves)
Will     .....                  (no boots)
Stlth    ..........             (no amulet)
HPRegen  0.17/turn              (no ring)
MPRegen  0.09/turn              (no ring)

@: no status effects
A: horns 2, retaliatory headbutt
a: Renounce Religion, Depart the Abyss, Bend Space


You were on level 4 of the Dungeon.
You worshipped Lugonu.
Lugonu was pleased with you.
You visited 1 branch of the dungeon, and saw 4 of its levels.
You visited the Abyss 1 time.

You collected 140 gold pieces.

Inventory:

Hand Weapons
 a - a +1 falchion (weapon)
 l - a +0 hand axe of freezing
Missiles
 j - 17 poisoned darts (quivered)
Armour
 b - a +0 leather armour
 c - a +0 ring mail (worn)
Jewellery
 n - a ring of fire
Scrolls
 d - a scroll of identify {unknown}
 e - 3 scrolls of teleportation {unknown}
 h - a scroll of fog {unknown}
 i - a scroll of magic mapping {unknown}
 m - a scroll of noise {unknown}
 o - a scroll of enchant weapon {unknown}
Potions
 f - a potion of resistance {unknown}
 g - a potion of magic
 k - a potion of curing {unknown}


   Skills:
 * Level 7.3 Fighting
 - Level 2.5 Long Blades
 - Level 2.6 Armour
 - Level 1.1 Dodging
 - Level 1.9 Invocations


You had 4 spell levels left.
You didn't know any spells.
Your spell library was empty.

Dungeon Overview and Level Annotations

Branches:
Dungeon (4/15)
 Temple: D:4-7

Altars:

Shops:
D:1 *


Innate Abilities, Weirdness & Mutations

You have a pair of horns on your head.
You reflexively headbutt those who attack you in melee.


Message History

An orc comes into view. It is wielding a +0 club.
The jackal barely misses you.
You barely miss the jackal. You headbutt the jackal.
The jackal is severely wounded.
The jackal closely misses you. The jackal barely misses you.
The orc priest mumbles some strange prayers to Beogh against you.
Beogh smites you!
Your ring mail prevents you from hitting the jackal.
The jackal is severely wounded.
The jackal barely misses you. You furiously retaliate!
You headbutt the jackal.
You kill the jackal!
Lugonu accepts your kill.
You hit the orc.
The orc is lightly wounded.
The orc hits you but does no damage. The orc hits you with a +0 hand axe.
You closely miss the orc. You headbutt the orc.
The orc is heavily wounded.
The orc hits you with a +0 hand axe.
You hit the orc.
You kill the orc!
Lugonu accepts your kill. The orc barely misses you.
You barely miss the orc. You headbutt the orc!
You kill the orc!
Lugonu accepts your kill.
You hit the orc priest but do no damage.
The orc priest hits you with a +0 morningstar.
You barely miss the orc priest.
The orc priest hits you with a +0 morningstar.
You hit the orc priest but do no damage.
The orc priest hits you with a +0 morningstar.
* * * LOW HITPOINT WARNING * * *
The orc priest hits you with a +0 morningstar.
* * * LOW HITPOINT WARNING * * *
Unknown command.
Unknown command.
It was a potion of magic.
Magic courses through your body.
The orc priest calls down the wrath of Beogh upon you.
Pain shoots through your body!
You die...

#.....#.........
#.....###....... #.....#
#(...... ####### #...####
##################'##
.................รท)(####
#######.###.............
#.# #.........#### #@#
#.........# #o#
######....# #.##.##o#
####.... ........# #....
..##.#..# #..... # #..#
#..... #..# .... .....


You could see an orc priest and an orc.

Vanquished Creatures
  A howler monkey (D:2)
  An iguana (D:4)
  3 gnolls (D:3)
  An adder (D:4)
  3 worms
  2 dart slugs
  6 orcs
  4 ball pythons
  10 bats
  5 endoplasms
  3 giant cockroaches
  4 goblins (D:1)
  8 hobgoblins
  2 jackals (D:4)
  6 kobolds
  4 quokkas
  3 frilled lizards
  7 rats
73 creatures vanquished.

Vanquished Creatures (others)
  4 plants (D:4)
  4 withered plants (D:4)
8 creatures vanquished.

Grand Total: 81 creatures vanquished

Notes
Turn   | Place    | Note
-------+----------+-------------------------------------------
     0 | Abyss:1  | MisterFreud the Minotaur Abyssal Knight began the quest for
                  | the Orb.
     0 | Abyss:1  | Reached XP level 1. HP: 19/19 MP: 1/1
    65 | D:1      | Escaped the Abyss
   229 | D:1      | Reached skill level 4 in Fighting
   234 | D:1      | Reached XP level 2. HP: 27/27 MP: 2/2
   471 | D:1      | Reached * piety under Lugonu
   509 | D:1      | Found Beumellibb's Assorted Antiques.
   764 | D:2      | Noticed a howler monkey
   767 | D:2      | Reached XP level 3. HP: 34/35 MP: 3/3
   771 | D:2      | Reached skill level 5 in Fighting
   771 | D:2      | Reached XP level 4. HP: 44/44 MP: 4/4
  1213 | D:2      | Reached ** piety under Lugonu
  1214 | D:2      | Reached skill level 6 in Fighting
  1417 | D:2      | You fall into a shaft and drop 1 floor!
  2210 | D:3      | Reached XP level 5. HP: 43/51 MP: 5/5
  2728 | D:4      | Reached skill level 7 in Fighting
  2989 | D:4      | Killed from afar by an orc priest

Illustrated notes

Levels and vault maps discovered:
D:1:      amcnicky_arrival_double_pillar, layout_rooms, serial_shops,
          shop_fountains
D:2:      layout_loops_corners
D:3:      layout_loops_corners, chequers_serial_rivers_micro_a
D:4:      layout_basic, grunt_temple_overflow_growth_and_decay,
          marbit_many_paths

Skill      XL: |  1  2  3  4  5 |
---------------+----------------+-----
Fighting       | 4 5 6 7 |  7.3
Long Blades    | |  2.5
Armour         | |  2.6
Dodging        | |  1.1
Invocations    | |  1.9

Action                   |  1- 3 |  4- 6 || total
-------------------------+-------+-------++-------
Melee: Falchion          |    50 |   104 ||   154
       Headbutt          |     6 |    21 ||    27
Throw: Dart              |       |     2 ||     2
Invok: Depart the Abyss  |     1 |       ||     1
  Use: Potion            |       |     1 ||     1
Armor: Ring mail         |    24 |    31 ||    55
       Leather armour    |     7 |       ||     7
Dodge: Dodged            |    32 |    52 ||    84
       Rpst.: Falchion   |    12 |    10 ||    22
